 Dungeon Crawl Stone Soup version 0.30.0-17-ge0270778cf (webtiles) character file.

Game seed: 6878498417965202907

2579908 kuniqs the Slayer (level 22, 224/224 HPs)
             Began as a Minotaur Fighter on May 21, 2023.
             Was a High Priest of Cheibriados.
             Escaped with the Orb
             ... and 3 runes!
             The game lasted 00:29:35 (29772 turns).

kuniqs the Slayer (Minotaur Fighter)               Turns: 29772, Time: 00:29:36

Health: 224/224    AC: 39    Str: 37    XL:     22   Next: 51%
Magic:  28/28      EV: 31    Int: 14    God:    Cheibriados [*****.]
Gold:   116        SH: 40    Dex: 40    Spells: 21/21 levels left

rFire   + + .        N - +9 broad axe (vamp)
rCold   + + +        R - +10 tower shield of Ignorance {rN+ Int-4}
rNeg    + + .        a - +8 plate armour {rC+}
rPois   +            i - +2 hat {SInv}
rElec   .            M - +2 cloak {rPois}
rCorr   .            o - -1 pair of gloves of Watchfulness {rPois rN+ SInv}
SInv    +            G - +2 pair of boots
Will    ++++.        X - amulet "Wuylykol" {RegenMP Will+ Dex+5} Stlth
                     r - ring "Vyochea" {rF+ rC+ Slay+3}
HPRegen 0.57/turn    x - ring "Vuoc Dor" {rF+ rC+ Will++ Dex+6 Stlth+}
MPRegen 0.61/turn

%: no passive effects
@: studying 2 skills, very slow
A: horns 2, retaliatory headbutt, clumsy 1, inability to read after injury 1,
MP-powered wands, noise suppression
0: Orb of Zot
}: 3/15 runes: serpentine, barnacled, abyssal
a: Renounce Religion, Bend Time, Temporal Distortion, Slouch, Step From Time


You escaped.
You worshipped Cheibriados.
Cheibriados was extremely pleased with you.
You visited 8 branches of the dungeon, and saw 39 of its levels.
You visited the Abyss 2 times.
You also visited: Ossuary.

You collected 3137 gold pieces.
You spent 3021 gold pieces at shops.

Inventory:

Hand Weapons
 N - a +9 vampiric broad axe (weapon)
 Y - the +1 broad axe of Safeug {freeze, rElec}
   (You found it on level 10 of the Dungeon)

   rElec:     It insulates you from electricity.
Missiles
 t - 48 poisoned darts (quivered)
 C - 2 throwing nets
Armour
 a - a +8 plate armour of cold resistance (worn)
 i - a +2 hat of see invisible (worn)
 o - the -1 pair of gloves of Watchfulness (worn) {rPois rN+ SInv}
   (You acquired it on level 4 of the Lair of Beasts)

   rPois:     It protects you from poison.
   rN:        It protects you from negative energy.
   SInv:      It lets you see invisible.
 D - the +2 faerie dragon scales {rF+ Will+ rCorr Str-2}
   (You took it off the Enchantress on level 3 of the Depths)

   Str:       It affects your strength (-2).
   rF:        It protects you from fire.
   rCorr:     It protects you from acid and corrosion.
   Will:      It increases your willpower.
 G - a +2 pair of boots (worn)
 M - a +2 cloak of poison resistance (worn)
 R - the +10 tower shield of Ignorance (worn) {rN+ Int-4}
   (You found it on level 7 of the Dungeon)

   Int:       It affects your intelligence (-4).
   rN:        It protects you from negative energy.
Jewellery
 c - a +4 ring of protection
 e - the ring "Acetilel" {rF+ Str+3 Int+6}
   (You found it on level 5 of the Dungeon)

   [ring of intelligence]

   Str:       It affects your strength (+3).
   Int:       It affects your intelligence (+6).
   rF:        It protects you from fire.
 r - the ring "Vyochea" (left hand) {rF+ rC+ Slay+3}
   (You found it on level 3 of the Lair of Beasts)

   [ring of protection from fire]

   Slay:      It affects your accuracy & damage with ranged weapons and melee
   (+3).
   rF:        It protects you from fire.
   rC:        It protects you from cold.
 x - the ring "Vuoc Dor" (right hand) {rF+ rC+ Will++ Dex+6 Stlth+}
   (You bought it in a shop on level 1 of the Depths)

   [ring of dexterity]

   Dex:       It affects your dexterity (+6).
   rF:        It protects you from fire.
   rC:        It protects you from cold.
   Will:      It greatly increases your willpower.
   Stlth:     It makes you more stealthy.
 A - a ring of protection from fire
 B - an amulet of guardian spirit
 L - a ring of willpower
 U - a ring of flight
 X - the amulet "Wuylykol" (around neck) {RegenMP Will+ Dex+5}
   (You bought it in a shop on level 1 of the Depths)

   [amulet of magic regeneration]

   It increases your rate of magic regeneration.
   Dex:       It affects your dexterity (+5).
   Will:      It increases your willpower.
Wands
 b - a wand of iceblast (25)
 q - a wand of flame (57)
 w - a wand of mindburst (10)
 J - a wand of digging (2)
 Q - a wand of light (19)
 T - a wand of charming (28)
Scrolls
 h - 6 scrolls of fog
 m - a scroll of blinking
 n - 5 scrolls of vulnerability
 p - 9 scrolls of teleportation
 s - 2 scrolls of butterflies
 u - 4 scrolls of poison
 v - 7 scrolls of identify {@r1}
 y - 2 scrolls of enchant weapon
 F - 5 scrolls of fear
 S - a scroll of immolation
Potions
 d - a potion of might
 f - 6 potions of lignification
 g - 10 potions of curing
 j - 5 potions of ambrosia
 k - 7 potions of flight
 l - 2 potions of invisibility
 E - 2 potions of berserk rage
 H - 5 potions of brilliance
 K - 2 potions of mutation
 O - 2 potions of resistance
 P - 7 potions of heal wounds
 W - a potion of cancellation
 Z - 3 potions of magic
Miscellaneous
 I - a phial of floods
 V - a tin of tremorstones (2/2)


   Skills:
 * Level 24.8 Fighting
 - Level 18.0 Axes
 + Level 22.9 Armour
 + Level 17.2 Dodging
 * Level 23.7 Shields
 - Level 10.0 Invocations
 - Level 9.0 Evocations


You had 21 spell levels left.
You didn't know any spells.
Your spell library contained the following spells:

 Spells                   Type           Power      Damage    Failure   Level
 Apportation              Tloc           0%         N/A       67%         1
 Magic Dart               Conj           0%         1d3       67%         1
 Necrotise                Necr           0%         1d4       67%         1
 Blink                    Tloc           0%         N/A       82%         2
 Call Imp                 Summ           0%         N/A       82%         2
 Cigotuvi's Dreadful Rot  Necr/Pois/Air  0%         N/A       82%         2
 Sublimation of Blood     Necr           0%         N/A       82%         2
 Wereblood                Tmut           0%         N/A       82%         2
 Frozen Ramparts          Ice            0%         1d1       96%         3
 Gell's Gravitas          Tloc           0%         N/A       96%         3
 Mephitic Cloud           Conj/Pois/Air  0%         N/A       96%         3
 Portal Projectile        Hex/Tloc       0%         N/A       96%         3
 Summon Guardian Golem    Hex/Summ       0%         N/A       96%         3
 Swiftness                Air            0%         N/A       96%         3
 Teleport Other           Tloc           0%         N/A       96%         3
 Tukima's Dance           Hex            0%         N/A       96%         3
 Vampiric Draining        Necr           0%         2d6       96%         3
 Anguish                  Hex/Necr       0%         N/A       100%        4
 Dispel Undead            Necr           0%         3d6       100%        4
 Ice Form                 Ice/Tmut       0%         N/A       100%        4
 Manifold Assault         Tloc           0%         N/A       100%        4
 Petrify                  Tmut/Erth      0%         N/A       100%        4
 Summon Ice Beast         Ice/Summ       0%         N/A       100%        4
 Agony                    Necr           0%         N/A       100%        5
 Alistair's Intoxication  Tmut/Pois      0%         N/A       100%        5
 Blade Hands              Tmut           0%         N/A       100%        5
 Irradiate                Conj/Tmut      0%         3d11      100%        5
 Conjure Ball Lightning   Conj/Air       0%         3x3d6     100%        6
 Death Channel            Necr           0%         N/A       100%        6
 Dispersal                Tloc           0%         N/A       100%        6
 Storm Form               Tmut/Air       0%         N/A       100%        7
 Summon Hydra             Summ           0%         N/A       100%        7
 Discord                  Hex            0%         N/A       100%        8
 Disjunction              Tloc           0%         N/A       100%        8


Dungeon Overview and Level Annotations

Branches:
Dungeon (15/15)            Temple (1/1) D:4            Lair (4/5) D:9
 Shoals (4/4) Lair:2        Snake (4/4) Lair:3        Slime (0/5) Lair:4
    Orc (2/2) D:10            Elf (0/3) Orc:2        Vaults (0/5) D:13
 Depths (4/4) D:15            Zot (5/5) Depths:4    Ossuary (visited)

Altars:
Ashenzari
Cheibriados
Dithmenos
Elyvilon
Fedhas
Gozag
Hepliaklqana
Kikubaaqudgha
Makhleb
Nemelex Xobeh
Okawaru
Qazlal
Ru
Sif Muna
Trog
Uskayaw
Vehumet
Wu Jian
Xom
Yredelemnul
Zin
The Shining One
Jiyva

Shops:
D:7 (   Orc:2 [:!*   Shoals:1 !:   Shoals:2 *   Depths:1 ==:   Depths:3 ?!

Portals:
Hell: Depths:1 Depths:2 Depths:3 Depths:4
Abyss: Depths:2 Depths:3
Pandemonium: Orc:2 Depths:1 Depths:2 Depths:3
Ziggurat: Depths:3
Trove: Depths:4 (give 15 scrolls of teleportation)

Annotations:
D:4 3 runed translucent doors, paps's ghost, novice OpSu
D:7 1 runed translucent door, exclusion: 4 orange crystal statues
Temple 4 transporters
Depths:2 exclusion: 2 orange crystal statues


Innate Abilities, Weirdness & Mutations

You have a pair of horns on your head.
You reflexively headbutt those who attack you in melee.
You are clumsy. (Dex -2)
You occasionally lose the ability to read scrolls when taking damage.
You expend magic power (3 MP) to strengthen your wands.
You passively dampen the noise of your surroundings.


Message History

The fireball explodes!
The fireball engulfs you but does no damage.
The fireball engulfs the hell hog.
The hell hog completely resists.
You completely miss the hell hog.
You headbutt the hell hog, but do no damage.
The hell hog is almost dead.
You block the hell hog's attack.
You carve the hell hog like the proverbial ham!!!
You kill the hell hog!
Cheibriados thoroughly appreciates the change of pace.
No target in view!
No target in view!
No target in view!
No target in view!
No target in view!
No target in view!
No target in view!
(D) Dungeon (T) Temple (L) Lair (A) Shoals (P) Snake Pit (M) Slime Pits (O) Orcish Mines (E) Elven Halls (V) Vaults (U) Depths (H) Hell (Z) Zot
Where to? (Enter - D:1, ? - help)
There is a stone staircase leading up here.
You climb upwards.
Level annotation: 3 runed translucent doors, paps's ghost, novice OpSu
There is a stone staircase leading down here.
There is a stone staircase leading up here.
You climb upwards.
There is a stone staircase leading down here.
HP restored.
There is a stone staircase leading up here.
You climb upwards.
There is a stone staircase leading down here.
There is a stone staircase leading up here.
Things that are here:
4 stones; a +0 dagger You climb upwards.
There is a stone staircase leading down here.
You see here a +0 mace.
There is a staircase leading out of the dungeon here.
You have escaped!

## ##.......## ##.##..## #
##.........## #..##.#
###...........####.##.# #####
##......#......###..#.# #....
#......###......###.#.# #....
......## ##......##.#.# #....
...).## ##......#.#.# #....
....## ##.......#.# ##.#. >..##
##..@.....# #.#. ....##
##.......### #.#. .....##
##......#.# #.#. ......##
##......##.#### #.##
#......###......###.#..### #...
##......#......###..##...# ##...
###....)......####.##.##.####....
# ##.......).## #..##.##.#.......
## ##.......## ##.###.##...##....


There were no monsters in sight!

Vanquished Creatures
  4 pandemonium lords
  Tiamat (Zot:2)
  2 ancient liches (Zot:5)
  8 orbs of fire (Zot:5)
  Mennas (Depths:3)
  A juggernaut (Depths:3)
  4 Killer Klowns
  3 shard shrikes (Depths:2)
  Vashnia (Snake:3)
  2 curse toes (Zot:5)
  4 golden dragons
  the Enchantress (Depths:3)
  A profane servitor (Zot:5)
  3 doom hounds (Zot:2)
  Rupert (D:12)
  2 electric golems
  A shard shrike zombie (Abyss:3)
  26 Orb Guardians
  5 tentacled monstrosities
  Grunn (Zot:2)
  A walking crystal tome (Depths:3)
  2 liches
  An Ice Fiend (D:15)
  2 walking divine tomes
  A quicksilver dragon (Abyss:4)
  A titan (Depths:2)
  5 death cobs
  An Executioner (Abyss:4)
  A tengu reaver (Depths:3)
  4 tentacled starspawn
  A sphinx (Depths:3)
  Kirke (Lair:3)
  Gastronok (Lair:3)
  5 shadow dragons
  9 storm dragons
  6 draconian monks
  13 nagarajas
  Donald (Shoals:2)
  3 fire giants
  An iron dragon (Depths:3)
  A nargun (Depths:2)
  2 draconian knights
  2 balrugs
  2 draconian shifters
  6 frost giants
  Aizul (Shoals:2)
  7 draconian scorchers
  2 reapers
  7 draconian annihilators
  5 draconian stormcallers
  2 cacodemons
  A quicksilver ooze (shapeshifter) (Depths:2)
  3 spriggan defenders (Depths:3)
  17 very ugly things
  2 vampire knights
  A lorocyproca (Abyss:4)
  3 green draconians
  9 stone giants
  6 black draconians
  8 white draconians
  10 yellow draconians
  10 purple draconians
  4 red draconians
  7 spark wasps
  A blizzard demon (Abyss:3)
  7 fire dragons
  4 ettins
  10 merfolk impalers
  Josephine (Shoals:1)
  3 merfolk javelineers (Shoals:4)
  3 jiangshi (Depths:1)
  2 great orbs of eyes (D:12)
  8 spriggan air magi
  3 rakshasas
  2 ogre magi
  A juggernaut simulacrum (Depths:3)
  2 salamander tyrants (Snake:4)
  2 catoblepae
  2 demonspawn (Orc:2)
  3 ice dragons
  6 hydras
  Erica (Lair:1)
  An alligator snapping turtle (Shoals:2)
  The ghost of P0WERM0DE the Martial Artist, a novice MeMo (Lair:3)
  A boulder beetle (D:15)
  2 dancing weapons (D:13)
  5 deep troll shamans
  An anaconda (Snake:4)
  A caustic shrike simulacrum (Depths:2)
  4 centaur warriors
  11 naga warriors
  2 vampire magi
  2 merfolk avatars (Shoals:4)
  5 merfolk aquamancers
  2 satyrs (Shoals:2)
  9 deep troll earth magi
  11 two-headed ogres
  A thrashing horror (Abyss:4)
  5 death yaks
  9 tengu warriors
  3 hell hogs (D:5)
  12 naga sharpshooters
  3 shock serpents
  8 orc high priests (Orc:2)
  6 spriggan berserkers
  4 soul eaters
  3 sun demons
  The ghost of mn3067 the Cruncher, a novice GrGl of Trog (D:10)
  7 skysharks
  Sonja (Lair:3)
  3 wretched stars
  A storm dragon skeleton (Depths:3)
  A death drake (Abyss:3)
  4 sixfirhies
  13 iron trolls
  19 deep trolls
  2 shadow demons
  7 sea snakes
  3 salamander mystics
  3 skeletal warriors (D:15)
  4 glowing orange brains
  3 naga ritualists
  A golden dragon zombie (Depths:3)
  9 large abominations
  2 spriggan simulacra (Depths:2)
  A flayed ghost (Abyss:3)
  A necromancer (Depths:3)
  A wizard (Depths:1)
  An oklob plant (Lair:3)
  Pikel (D:5)
  6 orc knights
  9 harpies
  12 ugly things
  15 manticores
  A deep elf pyromancer (D:14)
  6 orc sorcerers
  2 draconians (Abyss:4)
  A fire giant zombie (Depths:3)
  A salamander (shapeshifter) (D:15)
  A worldbinder (Abyss:3)
  5 mana vipers
  12 moths of wrath
  12 fauns
  2 merfolk sirens
  11 cyclopes
  4 guardian serpents (Snake:4)
  2 apocalypse crabs
  8 salamanders
  15 naga magi
  5 elephants (Lair:3)
  A rust devil (Depths:2)
  19 black mambas
  A water nymph (shapeshifter) (Depths:3)
  3 torpor snails
  A titan simulacrum (Depths:2)
  An eye of devastation (Abyss:3)
  A demonic crawler (D:10)
  4 smoke demons (Abyss:3)
  11 cane toads
  3 orange demons
  An unseen horror (D:10)
  4 water nymphs
  5 gargoyles
  A kobold demonologist (D:11)
  9 komodo dragons
  2 hellions
  A freezing wraith (D:15)
  3 tengu conjurers
  2 efreet
  2 ice devils
  A red devil (Depths:4)
  2 ancient zymes (Abyss:3)
  21 merfolk
  6 trolls
  A hornet (Depths:4)
  2 hellwings
  14 raiju
  5 wind drakes
  Prince Ribbit (D:5)
  A shadow dragon simulacrum (Depths:2)
  A sphinx simulacrum (Depths:2)
  A blink frog (Abyss:3)
  9 dream sheep
  7 snapping turtles
  An ettin zombie (Abyss:3)
  2 ynoxinuls
  13 slime creatures
  A wyvern (Lair:1)
  3 flying skulls (Abyss:3)
  5 wraiths
  3 spriggans
  Sigmund (D:6)
  35 yaks
  5 water elementals
  Eustachio (D:5)
  6 basilisks
  4 chaos spawn
  12 starcursed masses
  A hog (Lair:3)
  4 neqoxecs
  11 vampire mosquitoes
  2 steam dragons (D:7)
  A redback (D:12)
  A warg (Orc:1)
  39 nagas
  19 water moccasins
  2 acid dragons
  5 sky beasts
  28 orc warriors
  2 black bears
  2 ice beasts
  9 centaurs
  3 wolves (D:9)
  7 ogres
  3 phantoms
  An elf zombie (Ossuary)
  10 bullfrogs
  9 kobold brigands
  2 gnoll sergeants
  Blork the orc (D:5)
  3 scorpions
  2 glowing shapeshifter simulacra
  19 wights
  6 killer bees (D:8)
  3 howler monkeys
  An electric eel (D:15)
  A quasit (Abyss:3)
  6 hounds
  An iron imp (Abyss:3)
  28 orc priests
  12 jellies
  Crazy Yiuf (D:6)
  A human zombie (Ossuary)
  2 sleepcaps
  Jessica (D:2)
  Terence (D:2)
  4 iguanas
  28 orc wizards
  9 small abominations
  4 mummies
  8 gnolls
  6 adders
  A shadow imp (D:8)
  3 white imps
  4 worms
  57 orcs
  20 endoplasms
  6 giant cockroaches
  7 goblins
  6 hobgoblins
  A quokka (D:4)
  4 ball pythons
  2 bats (D:1)
  2 goblin zombies (Ossuary)
  4 hobgoblin zombies (Ossuary)
  38 kobolds
  3 kobold zombies
  2 orc zombies
  3 rats
  A lurking horror (Abyss:4)
  4 starspawn tentacles (Abyss:4)
1358 creatures vanquished.

Vanquished Creatures (others)
  A draconian knight (Zot:5)
  Erolcha (Orc:2)
  A mana viper (Snake:3)
  An unseen horror (D:8)
  A ynoxinul (D:11)
  2 humans (Lair:3)
  An orc wizard (Orc:1)
  A gnoll (D:8)
  A kobold (D:7)
  A lurking horror (Abyss:3)
  5 starspawn tentacles (Abyss:4)
  4 tentacles (Shoals:1)
20 creatures vanquished.

Grand Total: 1378 creatures vanquished

Notes
Turn   | Place    | Note
-------+----------+-------------------------------------------
     0 | D:1      | kuniqs the Minotaur Fighter began the quest for the Orb.
     0 | D:1      | Reached XP level 1. HP: 19/19 MP: 0/0
   402 | D:1      | Reached XP level 2. HP: 23/27 MP: 1/1
   545 | D:2      | Noticed Terence
   558 | D:2      | Killed Terence
   559 | D:2      | Reached XP level 3. HP: 22/33 MP: 2/2
   641 | D:2      | Reached skill level 1 in Dodging
   797 | D:2      | Noticed Jessica
   809 | D:2      | Killed Jessica
   810 | D:2      | Reached skill level 4 in Fighting
   810 | D:2      | Reached XP level 4. HP: 40/40 MP: 3/3
   886 | D:2      | Identified the +0 ring mail of the Salmon {rElec Str+4
                  | SInv}
  1535 | D:3      | Found a faded altar of an unknown god.
  2094 | D:4      | Found a bloodstained altar of Trog.
  2175 | D:4      | Reached XP level 5. HP: 46/46 MP: 4/4
  2233 | D:4      | Reached skill level 5 in Armour
  2290 | D:4      | Found a staircase to the Ecumenical Temple.
  2309 | D:4      | You fall into a shaft and drop 2 floors!
  2325 | D:6      | Noticed Sigmund
  2336 | D:6      | Killed Sigmund
  2337 | D:6      | Reached XP level 6. HP: 52/53 MP: 5/5
  2380 | D:5      | Entered Level 5 of the Dungeon
  2464 | D:5      | Reached skill level 5 in Axes
  2486 | D:5      | Reached XP level 7. HP: 32/60 MP: 6/6
  2494 | D:5      | Reached skill level 5 in Shields
  2660 | D:5      | Reached skill level 5 in Fighting
  2666 | D:5      | Found a sand-covered staircase.
  2672 | Ossuary  | Entered an ossuary
  2672 | Ossuary  | Noticed a wraith
  2672 | Ossuary  | Noticed a wraith
  2672 | Ossuary  | Noticed a wraith
  3051 | Ossuary  | Noticed a wraith
  3060 | Ossuary  | Killed a wraith
  3259 | D:4      | Reached XP level 8. HP: 59/69 MP: 7/7
  3285 | Temple   | Entered the Ecumenical Temple
  3285 | Temple   | Found a transporter.
  3285 | Temple   | Found a transporter.
  3290 | Temple   | Found a transporter.
  3290 | Temple   | Found a transporter.
  3308 | Temple   | Became a worshipper of Cheibriados the Contemplative
  3593 | D:4      | Found a runed translucent gate.
  3593 | D:4      | Found a runed translucent gate.
  3594 | D:4      | Found a runed translucent gate.
  3597 | D:4      | Noticed paps's ghost (novice OpSu)
  3722 | D:4      | Reached skill level 1 in Invocations
  4038 | D:5      | Noticed Eustachio
  4058 | D:5      | Killed Eustachio
  4084 | D:5      | Identified the ring "Acetilel" {rF+ Str+3 Int+6}
  4184 | D:5      | Reached skill level 6 in Fighting
  4203 | D:5      | Noticed Pikel
  4214 | D:5      | Killed Pikel
  4214 | D:5      | Reached * piety under Cheibriados
  4215 | D:5      | Reached XP level 9. HP: 52/75 MP: 10/10
  4417 | D:5      | Noticed Blork the orc
  4417 | D:5      | Noticed Prince Ribbit
  4423 | D:5      | Killed Blork the orc
  4427 | D:5      | Killed Prince Ribbit
  5753 | D:6      | Found a runed translucent door.
  5754 | D:6      | Noticed Crazy Yiuf
  5788 | D:6      | Reached ** piety under Cheibriados
  5849 | D:6      | Reached skill level 5 in Dodging
  5976 | D:6      | Killed Crazy Yiuf
  6081 | D:7      | Found a runed translucent door.
  6083 | D:7      | Noticed an orange crystal statue
  6083 | D:7      | Found the +10 tower shield of Ignorance {rN+ Int-4}
  6106 | D:7      | Noticed an orange crystal statue
  6106 | D:7      | Noticed an orange crystal statue
  6106 | D:7      | Noticed an orange crystal statue
  6108 | D:7      | Found a runed translucent door.
  6398 | D:7      | Reached skill level 7 in Fighting
  6504 | D:7      | Reached *** piety under Cheibriados
  6505 | D:7      | Reached skill level 5 in Invocations
  6505 | D:7      | Reached XP level 10. HP: 84/86 MP: 12/12
  6553 | D:7      | Found Waschom's Antique Weapon Shoppe.
  7473 | D:8      | Reached **** piety under Cheibriados
  7482 | D:8      | Reached skill level 1 in Evocations
  7517 | D:8      | Reached skill level 10 in Armour
  7533 | D:8      | Noticed a cyclops
  7536 | D:8      | Noticed a cyclops
  7549 | D:8      | Killed a cyclops
  7550 | D:8      | Killed a cyclops
  7551 | D:8      | Reached skill level 10 in Axes
  7682 | D:8      | Identified a scroll of acquirement
  7685 | D:8      | Acquired a +2 vampiric broad axe
  8186 | D:9      | Reached ***** piety under Cheibriados
  8408 | D:9      | Noticed a centaur warrior
  8420 | D:9      | Killed a centaur warrior
  8421 | D:9      | Reached skill level 8 in Fighting
  8421 | D:9      | Reached XP level 11. HP: 87/94 MP: 14/14
  8428 | D:9      | Noticed a two-headed ogre
  8433 | D:9      | Killed a two-headed ogre
  8787 | D:9      | Found a staircase to the Lair.
  9241 | D:10     | Entered Level 10 of the Dungeon
  9448 | D:10     | Found an opulent altar of Gozag.
  9485 | D:10     | Noticed a two-headed ogre
  9494 | D:10     | Killed a two-headed ogre
  9647 | D:10     | Found a staircase to the Orcish Mines.
  9749 | D:10     | Noticed a nine-headed hydra
  9749 | D:10     | Noticed mn3067's ghost (novice GrGl)
  9749 | D:10     | Noticed a nine-headed hydra
  9750 | D:10     | Found a runed translucent gate.
  9751 | D:10     | Found a runed translucent gate.
  9751 | D:10     | Found a runed translucent gate.
  9922 | D:10     | Found a glowing silver altar of Zin.
  9929 | D:10     | Found a basalt altar of Yredelemnul.
  9936 | D:10     | Found a shadowy altar of Dithmenos.
  9944 | D:10     | Found an ornate altar of the Wu Jian Council.
  9952 | D:10     | Found a sacrificial altar of Ru.
  9957 | D:10     | Found a shimmering blue altar of Sif Muna.
  9968 | D:10     | Found a hide-covered altar of Uskayaw.
 10043 | D:10     | Killed a seven-headed hydra
 10050 | D:10     | Killed a three-headed hydra
 10244 | D:10     | Killed mn3067's ghost
 10279 | D:10     | Identified the +1 broad axe of Safeug {freeze, rElec}
 10701 | D:11     | Noticed a two-headed ogre
 10704 | D:11     | Killed a two-headed ogre
 10705 | D:11     | Reached XP level 12. HP: 103/103 MP: 16/16
 10737 | D:11     | Reached skill level 5 in Evocations
 10748 | D:11     | Found a sparkling altar of Nemelex Xobeh.
 10932 | D:12     | Noticed a two-headed ogre
 10935 | D:12     | Noticed an ogre mage
 10936 | D:12     | Noticed a two-headed ogre
 10938 | D:12     | Noticed a two-headed ogre
 10938 | D:12     | Reached ****** piety under Cheibriados
 10946 | D:11     | Paralysed by something for 2 turns
 10948 | D:11     | Killed a two-headed ogre
 10950 | D:11     | Killed an ogre mage
 10951 | D:11     | Reached skill level 9 in Fighting
 10959 | D:12     | Killed a two-headed ogre
 10962 | D:12     | Killed a two-headed ogre
 10973 | D:12     | Noticed a great orb of eyes
 10980 | D:12     | Killed a great orb of eyes
 11230 | D:12     | Noticed Rupert
 11235 | D:12     | Paralysed by Rupert for 2 turns
 11249 | D:12     | Killed Rupert
 11409 | D:12     | Noticed a great orb of eyes
 11431 | D:12     | Killed a great orb of eyes
 11440 | D:12     | Noticed a tengu warrior
 11450 | D:12     | Killed a tengu warrior
 11550 | D:13     | Found a hazy altar of Hepliaklqana.
 11608 | D:13     | Noticed a centaur warrior
 11615 | D:13     | Killed a centaur warrior
 11654 | D:13     | Noticed a seven-headed hydra
 11664 | D:13     | Killed a 15-headed hydra
 11665 | D:13     | Reached XP level 13. HP: 102/111 MP: 15/18
 11668 | D:13     | Identified the +5 long sword "Lanihol" {speed, rN++ rCorr
                  | Dex-5 Stlth+}
 12069 | D:13     | Found a gate to the Vaults.
 12643 | Orc:1    | Entered Level 1 of the Orcish Mines
 12747 | Orc:1    | Reached skill level 10 in Fighting
 13044 | Orc:2    | Entered Level 2 of the Orcish Mines
 13097 | Orc:2    | Found a staircase to the Elven Halls.
 13293 | Orc:2    | Found Hupsuessoe's Distillery.
 13302 | Orc:2    | Found Ahoakiwe's General Store.
 13317 | Orc:2    | Reached skill level 10 in Shields
 13391 | Orc:2    | Reached skill level 10 in Invocations
 13514 | Orc:2    | Bought a potion of heal wounds for 80 gold pieces
 13514 | Orc:2    | Bought a potion of mutation for 128 gold pieces
 13514 | Orc:2    | Bought a potion of mutation for 128 gold pieces
 13514 | Orc:2    | Bought a potion of curing for 48 gold pieces
 13514 | Orc:2    | Bought a potion of curing for 48 gold pieces
 13516 | Orc:2    | Bought a scroll of fog for 52 gold pieces
 13516 | Orc:2    | Bought a potion of attraction for 39 gold pieces
 13593 | Orc:2    | Found a runed translucent door.
 13596 | Orc:2    | Noticed an ettin
 13596 | Orc:2    | Noticed Erolcha
 13610 | Orc:2    | Killed Erolcha
 13620 | Orc:2    | Killed an ettin
 13726 | Orc:2    | Reached XP level 14. HP: 122/122 MP: 20/20
 13891 | Orc:2    | Found Ujof's Antique Armour Emporium.
 13891 | Orc:2    | Found Wovytoz's Book Shoppe.
 13892 | Orc:2    | Found a one-way gate leading to the halls of Pandemonium.
 13927 | Orc:2    | Bought a runed hat for 175 gold pieces
 14181 | Lair:1   | Entered Level 1 of the Lair of Beasts
 14652 | Lair:1   | Noticed Erica
 14658 | Lair:1   | Killed Erica
 14812 | Lair:2   | Found a staircase to the Shoals.
 15443 | Lair:3   | Reached skill level 11 in Fighting
 15576 | Lair:3   | Noticed Sonja
 15586 | Abyss:2  | Cast into level 2 of the Abyss (Sonja)
 15777 | Abyss:3  | Found a corrupted altar of Lugonu.
 15810 | Abyss:3  | Reached skill level 15 in Armour
 15915 | Abyss:3  | Found a corrupted altar of Lugonu.
 16028 | Abyss:3  | Reached XP level 15. HP: 84/130 MP: 8/21
 16029 | Lair:3   | Escaped the Abyss
 16113 | Lair:3   | Killed Sonja
 16114 | Lair:3   | Reached skill level 15 in Axes
 16190 | Lair:3   | Noticed P0WERM0DE's ghost (novice MeMo)
 16199 | Lair:3   | Found a transporter.
 16200 | Lair:3   | Noticed Gastronok
 16218 | Lair:3   | Killed Gastronok
 16275 | Lair:3   | Found a staircase to the Snake Pit.
 16425 | Lair:3   | Reached skill level 10 in Dodging
 16526 | Lair:3   | Noticed Kirke
 16535 | Lair:3   | Noticed a sphinx
 16538 | Lair:3   | Killed Kirke
 16561 | Lair:3   | Found a transporter.
 16779 | Lair:3   | Killed P0WERM0DE's ghost
 16780 | Lair:3   | Identified the ring "Vyochea" {rF+ rC+ Slay+3}
 17254 | Lair:4   | Found a staircase to the Slime Pits.
 17327 | Lair:4   | Acquired the -1 pair of gloves of Watchfulness {rPois rN+
                  | SInv}
 17406 | Lair:4   | Found a viscous altar of Jiyva.
 17893 | Snake:1  | Entered Level 1 of the Snake Pit
 17921 | Snake:1  | Reached skill level 12 in Fighting
 17936 | Snake:1  | Identified the +0 leather armour "Moevvom" {-Tele Harm
                  | rN++}
 18140 | Snake:2  | Found a basalt altar of Yredelemnul.
 18380 | Snake:2  | Identified the +1 scale mail "Lyssaoff" {Will- Str+3 Dex+2}
 18649 | Snake:3  | Noticed a nagaraja
 18657 | Snake:3  | Killed a nagaraja
 18726 | Snake:3  | Noticed Vashnia
 18739 | Snake:3  | Killed Vashnia
 18746 | Snake:3  | Reached XP level 16. HP: 140/141 MP: 9/22
 18829 | Snake:3  | Identified the +1 halberd "Xuse" {chaos, Str+5}
 18915 | Snake:4  | Entered Level 4 of the Snake Pit
 19602 | Snake:4  | Reached skill level 13 in Fighting
 19753 | Snake:4  | Got a serpentine rune of Zot
 19962 | Shoals:1 | Entered Level 1 of the Shoals
 20011 | Shoals:1 | Noticed Josephine
 20027 | Shoals:1 | Killed Josephine
 20078 | Shoals:1 | Found Ippupimisi's Book Shop.
 20134 | Shoals:1 | Found Ityin's Distillery.
 20150 | Shoals:1 | Bought a potion of heal wounds for 75 gold pieces
 20150 | Shoals:1 | Bought a potion of cancellation for 120 gold pieces
 20150 | Shoals:1 | Bought a potion of attraction for 45 gold pieces
 20334 | Shoals:2 | Noticed Aizul
 20344 | Shoals:2 | Killed Aizul
 20346 | Shoals:2 | Reached XP level 17. HP: 97/150 MP: 2/23
 20547 | Shoals:2 | Noticed Donald
 20558 | Shoals:2 | Killed Donald
 20752 | Shoals:2 | Identified the +6 long sword "Jyonumen" {heavy, Str+5 SInv}
 20782 | Shoals:2 | Found Vosevaeh's Island Escapes.
 20827 | Shoals:2 | Bought a scroll of teleportation for 42 gold pieces
 20897 | Shoals:3 | Reached skill level 15 in Shields
 20912 | Shoals:4 | Entered Level 4 of the Shoals
 21162 | Shoals:4 | Reached skill level 14 in Fighting
 21181 | Shoals:4 | Found the +3 giant club "Skullcrusher" {speed, Str+7}
 21278 | Shoals:4 | Got a barnacled rune of Zot
 21398 | Shoals:1 | Noticed a kraken
 21649 | D:15     | Entered Level 15 of the Dungeon
 21682 | D:15     | Found a white marble altar of Elyvilon.
 21849 | D:15     | Reached skill level 15 in Fighting
 21859 | D:15     | Identified the +6 rapier of the Augurer {heavy, Int+5}
 21912 | D:15     | Found a shimmering blue altar of Sif Muna.
 21923 | D:15     | Found a shimmering blue altar of Sif Muna.
 21923 | D:15     | Found a shimmering altar of Xom.
 21925 | D:15     | Found a burning altar of Makhleb.
 21925 | D:15     | Found a sacrificial altar of Ru.
 21925 | D:15     | Found a snail-covered altar of Cheibriados.
 21989 | D:15     | Found a staircase to the Depths.
 21999 | Depths:1 | Entered Level 1 of the Depths
 22050 | Depths:1 | Reached XP level 18. HP: 163/163 MP: 24/24
 22074 | Depths:1 | Found a broken altar of Ashenzari.
 22137 | Depths:1 | Reached skill level 16 in Fighting
 22580 | Depths:1 | Found a gateway to Hell.
 22873 | Depths:1 | Found Down's Book Boutique.
 22873 | Depths:1 | Found Daamutsu's Jewellery Emporium.
 22875 | Depths:1 | Found Bafeur's Jewellery Emporium.
 22881 | Depths:1 | Bought the ring "Vuoc Dor" {rF+ rC+ Will++ Dex+6 Stlth+}
                  | for 1107 gold pieces
 22932 | Depths:2 | Reached skill level 17 in Fighting
 23086 | Depths:2 | Found a one-way gate to the infinite horrors of the Abyss.
 23111 | Depths:2 | Voluntarily entered the Abyss.
 23433 | Abyss:3  | Found a corrupted altar of Lugonu.
 23484 | Abyss:4  | Reached skill level 18 in Fighting
 23532 | Abyss:4  | Noticed a lich
 23539 | Abyss:4  | Killed a lich
 23623 | Abyss:4  | Found a corrupted altar of Lugonu.
 23647 | Abyss:4  | Found a transporter.
 23716 | Abyss:4  | Got an abyssal rune of Zot
 23722 | Depths:2 | Escaped the Abyss
 24103 | Depths:2 | Reached skill level 19 in Fighting
 24183 | Depths:2 | Reached XP level 19. HP: 182/182 MP: 25/25
 24316 | Depths:2 | Noticed a shard shrike
 24334 | Depths:2 | Noticed a shard shrike
 24335 | Depths:2 | Noticed a shard shrike
 24339 | Depths:2 | Killed a shard shrike
 24345 | Depths:2 | Killed a shard shrike
 24345 | Depths:2 | Killed a shard shrike
 24479 | Depths:3 | Noticed Mennas
 24507 | Depths:3 | Killed Mennas
 24508 | Depths:3 | Reached skill level 20 in Fighting
 24686 | Depths:3 | Found a one-way gateway to a ziggurat.
 24718 | Depths:3 | Found Uzypn's Distillery.
 24746 | Depths:3 | Bought a potion of curing for 33 gold pieces
 24995 | Depths:3 | Noticed a juggernaut
 25004 | Depths:3 | Killed a juggernaut
 25029 | Depths:3 | Got Jiuhyko's Codex of the Meteoric Oath
 25121 | Depths:3 | Reached skill level 21 in Fighting
 25314 | Depths:3 | Identified the +4 falchion "Kadem" {speed, rPois}
 25315 | Depths:3 | Noticed the Enchantress
 25325 | Depths:3 | Killed the Enchantress
 25501 | Depths:3 | Noticed a golden dragon
 25639 | Depths:1 | Bought the amulet "Wuylykol" {RegenMP Will+ Dex+5} for 796
                  | gold pieces
 25941 | Depths:3 | Found Piobion's Magic Scroll Emporium.
 25950 | Depths:3 | Bought a scroll of magic mapping for 105 gold pieces
 25970 | Depths:4 | Entered Level 4 of the Depths
 26079 | Depths:4 | Reached XP level 20. HP: 184/198 MP: 26/26
 26177 | Depths:4 | Reached skill level 15 in Dodging
 26406 | Depths:4 | Found a gate to the Realm of Zot.
 26451 | Depths:4 | Found a portal to a secret trove of treasure.
 26580 | Zot:1    | Entered Level 1 of the Realm of Zot
 26655 | Zot:2    | Found the +4 dragonskin cloak
 26655 | Zot:2    | Noticed Tiamat
 26673 | Zot:2    | Reached skill level 22 in Fighting
 26678 | Zot:2    | Noticed a golden dragon
 26681 | Zot:2    | Noticed a golden dragon
 26697 | Zot:2    | Killed a golden dragon
 26707 | Zot:2    | Killed a golden dragon
 27010 | Zot:2    | Killed Tiamat
 27049 | Zot:2    | Noticed a doom hound
 27049 | Zot:2    | Noticed a doom hound
 27049 | Zot:2    | Noticed a doom hound
 27050 | Zot:2    | Noticed Grunn
 27058 | Zot:2    | Killed a doom hound
 27059 | Zot:2    | Killed a doom hound
 27061 | Zot:2    | Killed a doom hound
 27070 | Zot:2    | Killed Grunn
 27218 | Zot:3    | Noticed a Killer Klown
 27242 | Zot:3    | Killed a Killer Klown
 27314 | Zot:3    | Noticed a golden dragon
 27319 | Zot:3    | Reached XP level 21. HP: 209/209 MP: 27/27
 27323 | Zot:3    | Killed a golden dragon
 27377 | Zot:4    | Noticed a golden dragon
 27391 | Zot:4    | Killed a golden dragon
 27393 | Zot:5    | Entered Level 5 of the Realm of Zot
 27412 | Zot:5    | Reached skill level 23 in Fighting
 27445 | Zot:5    | Noticed a curse toe
 27460 | Zot:5    | Killed a curse toe
 27792 | Zot:5    | Noticed an orb of fire
 27793 | Zot:5    | Gained mutation: You are occasionally teleported next to
                  | monsters. [an orb of fire]
 27798 | Zot:5    | Gained mutation: You occasionally lose the ability to drink
                  | potions when taking damage. [an orb of fire]
 27805 | Zot:5    | Killed an orb of fire
 27806 | Zot:5    | Noticed an orb of fire
 27807 | Zot:5    | Gained mutation: Your body sometimes deteriorates upon
                  | taking damage. [an orb of fire]
 27807 | Zot:5    | Gained mutation: You do not regenerate when monsters are
                  | visible. [an orb of fire]
 27809 | Zot:5    | Noticed an orb of fire
 27813 | Zot:5    | Killed an orb of fire
 27814 | Zot:5    | Gained mutation: Your body often deteriorates upon taking
                  | damage. [an orb of fire]
 27816 | Zot:5    | Gained mutation: Your magical capacity is low. (-10% MP)
                  | [an orb of fire]
 27816 | Zot:5    | Noticed an ancient lich
 27817 | Zot:5    | Gained mutation: Your magical capacity is very low. (-20%
                  | MP) [an orb of fire]
 27818 | Zot:5    | Lost mutation: Your body often deteriorates upon taking
                  | damage. [an orb of fire]
 27820 | Zot:5    | Noticed a Killer Klown
 27820 | Zot:5    | Noticed an orb of fire
 27822 | Zot:5    | Noticed a Killer Klown
 27823 | Zot:5    | Killed an orb of fire
 27823 | Zot:5    | Noticed an ancient lich
 27825 | Zot:5    | Noticed a curse toe
 27827 | Zot:5    | Gained mutation: Armour fits poorly on your strangely
                  | shaped body. [an orb of fire]
 27828 | Zot:5    | Killed an ancient lich
 27829 | Zot:5    | Gained mutation: You have large cloven feet. [an orb of
                  | fire]
 27832 | Zot:5    | Killed a Killer Klown
 27833 | Zot:5    | Killed an orb of fire
 27839 | Zot:5    | Noticed an orb of fire
 27841 | Zot:5    | Killed an ancient lich
 27841 | Zot:5    | Noticed an orb of fire
 27842 | Zot:5    | Noticed an orb of fire
 27843 | Zot:5    | Gained mutation: You are weak. (Str -2) [an orb of fire]
 27843 | Zot:5    | Noticed an orb of fire
 27875 | Zot:4    | Lost mutation: You occasionally lose the ability to drink
                  | potions when taking damage. [potion of mutation]
 27875 | Zot:4    | Lost mutation: You do not regenerate when monsters are
                  | visible. [potion of mutation]
 27875 | Zot:4    | Lost mutation: You are weak. (Str -2) [potion of mutation]
 27875 | Zot:4    | Gained mutation: You are strong-willed. (Will+) [potion of
                  | mutation]
 27875 | Zot:4    | Gained mutation: You passively map a small area around you.
                  | [potion of mutation]
 27876 | Zot:4    | Lost mutation: Your body sometimes deteriorates upon taking
                  | damage. [potion of mutation]
 27876 | Zot:4    | Lost mutation: Your magical capacity is very low. (-20% MP)
                  | [potion of mutation]
 27876 | Zot:4    | Gained mutation: You are vulnerable to heat. (rF-) [potion
                  | of mutation]
 27877 | Zot:4    | Lost mutation: Armour fits poorly on your strangely shaped
                  | body. [potion of mutation]
 27877 | Zot:4    | Lost mutation: You are strong-willed. (Will+) [potion of
                  | mutation]
 27877 | Zot:4    | Lost mutation: You have large cloven feet. [potion of
                  | mutation]
 27877 | Zot:4    | Gained mutation: You are somewhat resistant to further
                  | mutation. [potion of mutation]
 27877 | Zot:4    | Gained mutation: Your spells are a little harder to cast,
                  | but a little more powerful. [potion of mutation]
 27878 | Zot:4    | Lost mutation: Your magical capacity is low. (-10% MP)
                  | [potion of mutation]
 27878 | Zot:4    | Lost mutation: You are vulnerable to heat. (rF-) [potion of
                  | mutation]
 27878 | Zot:4    | Lost mutation: Your spells are a little harder to cast, but
                  | a little more powerful. [potion of mutation]
 27879 | Zot:4    | Lost mutation: You are occasionally teleported next to
                  | monsters. [potion of mutation]
 27879 | Zot:4    | Lost mutation: You are somewhat resistant to further
                  | mutation. [potion of mutation]
 27879 | Zot:4    | Gained mutation: You are weak. (Str -2) [potion of
                  | mutation]
 27879 | Zot:4    | Gained mutation: You are frail. (-10% HP) [potion of
                  | mutation]
 27885 | Zot:4    | Lost mutation: You are weak. (Str -2) [potion of mutation]
 27885 | Zot:4    | Lost mutation: You are frail. (-10% HP) [potion of
                  | mutation]
 27885 | Zot:4    | Lost mutation: You passively map a small area around you.
                  | [potion of mutation]
 27885 | Zot:4    | Gained mutation: You are robust. (+10% HP) [potion of
                  | mutation]
 27885 | Zot:4    | Gained mutation: Your flesh is cold resistant. (rC+)
                  | [potion of mutation]
 27885 | Zot:4    | Lost mutation: Your flesh is cold resistant. (rC+) [potion
                  | of mutation]
 28269 | Zot:5    | Noticed an orb of fire
 28269 | Zot:5    | Lost mutation: You are robust. (+10% HP) [an orb of fire]
 28271 | Zot:5    | Noticed a Killer Klown
 28272 | Zot:5    | Gained mutation: You are clumsy. (Dex -2) [an orb of fire]
 28273 | Zot:5    | Killed a Killer Klown
 28280 | Zot:5    | Killed an orb of fire
 28283 | Zot:5    | Gained mutation: You passively dampen the noise of your
                  | surroundings. [an orb of fire]
 28285 | Zot:5    | Killed a Killer Klown
 28286 | Zot:5    | Reached skill level 24 in Fighting
 28298 | Zot:5    | Killed an orb of fire
 28330 | Zot:5    | Gained mutation: You expend magic power (3 MP) to
                  | strengthen your wands. [an orb of fire]
 28334 | Zot:5    | Killed an orb of fire
 28360 | Zot:5    | Reached XP level 22. HP: 198/222 MP: 28/28
 28408 | Zot:5    | Gained mutation: You occasionally lose the ability to read
                  | scrolls when taking damage. [an orb of fire]
 28420 | Zot:5    | Killed an orb of fire
 28667 | Zot:5    | Killed a curse toe
 28873 | Zot:5    | Got the Orb of Zot
 29105 | Depths:4 | Noticed Urusicw the pandemonium lord
 29121 | Depths:4 | Killed Urusicw the pandemonium lord
 29198 | Depths:1 | Noticed Veryret the pandemonium lord
 29223 | Depths:1 | Killed Veryret the pandemonium lord
 29238 | Depths:1 | Noticed Xaqu the pandemonium lord
 29257 | Depths:1 | Killed Xaqu the pandemonium lord
 29464 | D:11     | Noticed Beghaanki the pandemonium lord
 29479 | D:11     | Killed Beghaanki the pandemonium lord
 29535 | D:8      | Noticed Dolor the pandemonium lord
 29772 | D:$      | Escaped with the Orb!

Illustrated notes

Levels and vault maps discovered:
D:1:      dpeg_arrival_central, layout_rooms
D:2:      layout_basic, uniq_jessica, uniq_terence
D:3:      layout_rooms, chequers_ecumenical_altar_simple
D:4:      layout_layer_cave, trog_three_pillars_becter, temple_pool_b,
          gammafunk_ghost_necromancy, kennysheep_opposing_triangles
D:5:      layout_basic, nicolae_ossuary_entry_giza, uniq_blork_the_orc,
          uniq_eustachio, uniq_pikel, uniq_prince_ribbit1
D:6:      layout_basic, uniq_crazy_yiuf_cottage, uniq_sigmund
D:7:      minmay_polygon_palace, layout_basic, serial_shops, kennysheep_mini,
          chequers_guarded_unrand_ignorance
D:8:      layout_cave_pools, minmay_diamond_spiral
D:9:      layout_stronghold, erik_lair_island, serial_bayou_pond_c
D:10:     layout_long_grid, mainiacjoe_overflow_24_doors,
          grunt_temple_overflow_octagram, orc_0_dummy,
          gammafunk_ghost_hydra_chop
D:11:     layout_roguey, hex_medium, nemelex_diamond_rough_becter
D:12:     layout_cave_pools, kb_rosetta, uniq_rupert
D:13:     layout_loops_ring, erik_vaults_1, nzn_hepliaklqana_mist_gate
D:14:     layout_roguey, serial_bayou, serial_bayou_lagoon_a,
          serial_bayou_pond_d, serial_bayou_shore_a, serial_bayou_pond_c,
          nicolae_qazlal_general_emergency, nicolae_transmutations_shop
D:15:     grunt_enter_depths_snipers, layout_basic, doesnt_xom_only_xom,
          elyvilon_altar_4
Temple:   hellmonk_temple_divided_pantheon
Lair:1:   layout_layer_cave, minivault_11, grunt_megastairs_2,
          lemuel_fruit_fields, uniq_erica
Lair:2:   layout_loops_ring, nicolae_shoals_entry_roost
Lair:3:   lemuel_slime, layout_regular_city, minmay_snake_entry_six_corridors,
          gammafunk_ghost_berserking_beasts, uniq_gastronok, uniq_kirke,
          uniq_sonja
Lair:4:   layout_loops_ring, slime_entry_1
Shoals:1: layout_shoals, serial_shops, nicolae_square_shop,
          nicolae_shop_advertising_works [nicolae_subvault_shop_adworks],
          uniq_josephine
Shoals:2: layout_shoals, nicolae_island_escapes, uniq_donald, uniq_aizul
Shoals:3: layout_shoals, nicolae_shoals_spectral_cove
Shoals:4: shoals_end_simple, layout_shoals
Snake:1:  layout_onion_interference, nicolae_snake_mages_go_home
Snake:2:  layout_chambers, basic_altar
Snake:3:  layout_layer_cave, uniq_vashnia, uniq_saint_roka
Snake:4:  grunt_snake_rune_spirals, layout_onion, guppyfry_library_mini
Orc:1:    layout_caves, nicolae_orc_sculptors_studio
Orc:2:    pf_orc_diabolical, layout_caves, lightli_church_of_beogh, uniq_erolcha
Depths:1: layout_long_grid, skrybe_limestone_x, lightli_too_deep, pan_entry,
          minmay_misc_feat_pillars, nicolae_ashenzari_panopticon,
          minmay_shop_grove, infiniplex_staircase_pool_lava
Depths:2: dreamdust_isle_of_ice, layout_gridlike, rand_demon_pan_entry_4,
          abyss_entry, solitary_fountain, hell_entry, minmay_shoptagon,
          infiniplex_staircase_spiral_double, grunt_megastairs_1
Depths:3: grunt_x_marks_the_spot, layout_basic, enter_ziggurat_e, hell_entry,
          abyss_entry, rand_demon_pan_entry_3,
          hangedman_abyss_or_decor_jellyfish_corner, serial_shops,
          bzr_entry_road, nicolae_shop_industrial_runoff, shop,
          minmay_staircase_bubble, serial_bayou_shore_b, uniq_enchantress,
          uniq_mennas
Depths:4: evilmike_zot_entry_hall, layout_cave_pools, hangedman_coc_ice_floe,
          nicolae_trove_entry_crystal, nicolae_dithmenos_through_a_glass_darkly,
          dk_noncrumbling_4
Zot:1:    layout_misc_corridors
Zot:2:    gammafunk_sealed_arena, layout_cellular_growth, uniq_grunn,
          uniq_tiamat
Zot:3:    layout_basic, st_large_dragon_hoard_4
Zot:4:    layout_gridlike
Zot:5:    layout_basic

Skill      XL: |  1  2  3  4  5  6  7  8  9 10 11 12 13 14 15 16 17 18 19 20 21 22 |
---------------+-------------------------------------------------------------------+-----
Axes           | 3 4 5 6 7 8 10 11 12 13 14 16 17 18 | 18.0
Armour         | 4 5 7 8 9 10 11 12 14 15 16 18 19 20 21 22 | 22.9
Dodging        | 1 2 3 4 5 6 7 8 9 10 11 12 13 14 15 16 17 | 17.2
Shields        | 4 5 6 7 8 9 10 11 12 14 16 18 19 21 23 | 23.7
Fighting       | 4 5 6 7 8 9 10 11 12 13 15 19 21 22 24 | 24.8
Invocations    | 3 5 6 7 9 10 | 10.0
Evocations     | 2 4 6 7 9 |  9.0

Action                     |  1- 3 |  4- 6 |  7- 9 | 10-12 | 13-15 | 16-18 | 19-21 | 22-24 || total
---------------------------+-------+-------+-------+-------+-------+-------+-------+-------++-------
  Melee: War axe           |    45 |    74 |   291 |   116 |       |       |       |       ||   526
         Headbutt          |     7 |     9 |    56 |    83 |   226 |   313 |   397 |    82 ||  1173
         Broad axe         |       |       |       |   250 |   925 |  1155 |  1060 |   210 ||  3600
         Scimitar          |       |       |       |     8 |       |       |       |       ||     8
  Throw: Throwing net      |       |       |       |       |       |       |     2 |       ||     2
 Invoke: Slouch            |       |       |       |       |     3 |     9 |    11 |     6 ||    29
         Bend Time         |       |       |       |       |       |       |     6 |       ||     6
  Evoke: Wand              |       |       |       |     2 |       |     2 |       |       ||     4
         Phial of floods   |       |       |       |     1 |       |       |     1 |       ||     2
         Tin of tremorston |       |       |       |       |       |     2 |       |       ||     2
    Use: Scroll            |       |       |    12 |    18 |    11 |    15 |    10 |     2 ||    68
         Potion            |       |       |     1 |     3 |     3 |     2 |    21 |     6 ||    36
   Stab: Invisible         |       |       |       |     1 |       |       |       |       ||     1
         Petrifying        |       |       |       |       |     1 |     2 |       |       ||     3
         Petrified         |       |       |       |       |     1 |       |       |       ||     1
         Paralysed         |       |       |       |       |       |     2 |     3 |       ||     5
         Distracted        |       |       |       |       |       |       |     3 |       ||     3
 Armour: Scale mail        |     7 |       |       |       |       |       |       |       ||     7
         Chain mail        |    13 |    41 |   185 |   209 |    57 |       |       |       ||   505
         Plate armour      |       |       |       |       |   210 |   243 |   220 |    25 ||   698
  Dodge: Dodged            |    25 |    18 |   151 |   235 |   316 |   464 |   542 |    85 ||  1836
  Block: Buckler           |     4 |    13 |    83 |    29 |       |       |       |       ||   129
         Tower shield      |       |       |       |   613 |  1346 |  1729 |  1555 |   273 ||  5516
